 Dungeon Crawl Stone Soup version 0.29-a0-887-gcbe080d7e0 (webtiles) character file.

Game seed: 8998219564010526647

71 zeratav the Stinger (level 4, 0/27 HPs)
             Began as an Octopode Venom Mage on July 21, 2022.
             Succumbed to an adder's poison
             ... on level 3 of the Dungeon.
             The game lasted 00:03:39 (2670 turns).

zeratav the Stinger (Octopode Venom Mage)           Turns: 2670, Time: 00:03:39

Health: 0/27       AC:  1    Str: 13    XL:     4   Next: 24%
Magic:  6/7        EV: 13    Int: 19    God:
Gold:   170        SH:  0    Dex: 12    Spells: 4/7 levels left

rFire   . . .      SeeInvis .   c - +4 sling
rCold   . . .      Faith    .   (no shield)
rNeg    . . .      Spirit   .   (helmet restricted)
rPois   .          Reflect  .   (no amulet)
rElec   .          Harm     .   e - +6 ring of strength
rCorr   .          Rampage  .   (no ring)
Will    .....                   (no ring)
Stlth   ++++......              (no ring)
HPRegen 0.09/turn               (no ring)
MPRegen 0.10/turn               (no ring)
                                (no ring)
                                (no ring)

@: mighty, brilliant, lethally poisoned (0 -> -5)
A: almost no armour, amphibious, 8 rings, camouflage 1, gelatinous body 1,
(nimble swimmer 1), tentacles
a: no special abilities


You were on level 3 of the Dungeon.
You visited 1 branch of the dungeon, and saw 3 of its levels.

You collected 170 gold pieces.


Innate Abilities, Weirdness & Mutations

You cannot wear most types of armour.
You are amphibious.
You can wear up to eight rings at the same time.
Your skin changes colour to match your surroundings (Stealth+).
Your rubbery body absorbs attacks. (AC +1, EV +1)
((You are camouflaged when in or above water. (Stealth+)))
You have tentacles for arms and can constrict up to eight enemies at once.


   Skills:
 - Level 2.0 Dodging
 + Level 4.8 Stealth
 - Level 2.0 Spellcasting
 - Level 1.0 Transmutations
 + Level 4.9 Poison Magic


You had 4 spell levels left.
You knew the following spells:

 Your Spells              Type           Power      Damage    Failure   Level
a - Sting                 Tmut/Pois      76%        1d6       4%          1
b - Poisonous Vapours     Pois/Air       34%        N/A       10%         2

Your spell library contained the following spells:

 Spells                   Type           Power      Damage    Failure   Level
 Spider Form              Tmut/Pois      19%        N/A       16%         3
 Olgreb's Toxic Radiance  Pois           31%        N/A       22%         4
 Ensorcelled Hibernation  Hex/Ice        4%         N/A       26%         2
 Scorch                   Fire           4%         2d5       26%         2
 Mephitic Cloud           Conj/Pois/Air  12%        N/A       26%         3
 Ozocubu's Armour         Ice            2%         N/A       45%         3
 Petrify                  Tmut/Erth      5%         N/A       80%         4
 Anguish                  Hex/Necr       1%         N/A       86%         4
 Cause Fear               Hex            1%         N/A       86%         4
 Flame Wave               Conj/Fire      2%         2d4       86%         4
 Metabolic Englaciation   Hex/Ice        1%         N/A       99%         5
 Statue Form              Tmut/Erth      3%         N/A       100%        6
 Summon Cactus Giant      Summ           1%         N/A       100%        6
 Dragon Form              Tmut           4%         N/A       100%        7
 Ozocubu's Refrigeration  Ice            1%         4d5       100%        7
 Dragon's Call            Summ           1%         N/A       100%        9

Inventory:

Hand Weapons
 c - a +4 sling (weapon)
   (You found it on level 1 of the Dungeon)
Jewellery
 e - a +6 ring of strength (left tentacle)
   (You found it on level 1 of the Dungeon)
Scrolls
 b - 3 scrolls of identify {unknown}
 d - a scroll of teleportation {unknown}
 f - 2 scrolls of enchant armour {unknown}
 g - a scroll of enchant weapon {unknown}
 i - 2 scrolls of poison {unknown}
 j - a scroll of vulnerability {unknown}
 l - a scroll of amnesia {unknown}
 m - a scroll of fog {unknown}
 n - a scroll of summoning {unknown}
Potions
 a - a potion of magic
 h - a potion of berserk rage {unknown}
 o - a potion of cancellation {unknown}
 p - a potion of might
 q - a potion of lignification {unknown}

Dungeon Overview and Level Annotations

Branches:
Dungeon (3/15) Zot: 15282

Altars:
Qazlal

....................#
....###..#.#.#.#.#..## .
#..............#
#.#.#.#.#.#.#..#
##..............#
#.#.#.#.#.#.#.#.#
..##.............##
......#.#.#.#.#.#.#######
..####...@..........#...##
#.#S#.#.#.#.........#
##.w.................
...#.#.#.#...........
..#.. ................. ##
... ................# ....
.#######.......## ....# ##
####.#### ..... #.#


You could see a worm and an adder (poisoned).


Message History

No target in view!
You pick up a book of Dreams and begin reading...
You add the spells Ensorcelled Hibernation, Spider Form and Anguish to your library.
You pick up a book of Scorching and begin reading...
You add the spells Scorch, Flame Wave and Summon Cactus Giant to your library.
Okay, then.
Found a stone staircase leading down.
You see here a +2 ring mail of cold resistance.
You now have 168 gold pieces (gained 4).
A giant cockroach comes into view.
A giant cockroach is nearby!
You shoot a sling bullet.
The sling bullet hits the giant cockroach.
You shoot a sling bullet.
The sling bullet hits the giant cockroach.
You kill the giant cockroach!
No target in view!
The golden eye turns its gaze towards you.
Found a stone staircase leading up.
You now have 170 gold pieces (gained 2).
There is a stone staircase leading up here.
There is an escape hatch in the floor here.
Things that are here:
a +0 mace {mace}; a +0 dagger {short}; an orc corpse A quokka comes into view.
A quokka is nearby!
You shoot a sling bullet. The sling bullet hits the quokka.
You shoot a sling bullet.
The sling bullet barely misses the quokka.
You shoot a sling bullet. The sling bullet misses the quokka.
You shoot a sling bullet. The sling bullet hits the quokka!
You kill the quokka!
No target in view!
You see here a quokka corpse.
p - 2 golden potions
q - a bubbling pink potion No target in view!
A ball python comes into view.
A ball python is nearby!
You shoot a sling bullet. The sling bullet hits the ball python!
You kill the ball python!
No target in view!
No target in view!
You see here 6 stones {throwing}.
A worm comes into view.
A worm is nearby!
You shoot a sling bullet. The sling bullet hits the worm!
You hear an angry hiss.
An adder comes into view.
You shoot a sling bullet.
The sling bullet barely misses the adder.
The adder bites you.
You are poisoned.
The adder poisons you! The adder closely misses you.
HP[-2]
You take 2 damage, and now have 25/27 hp.
You shoot a sling bullet. The sling bullet misses the adder.
You feel sick. The adder bites you but does no damage.
The adder barely misses you.
HP[-2]
You take 2 damage, and now have 23/27 hp.
You shoot a sling bullet. The sling bullet hits the worm.
You feel sick. The adder barely misses you. The worm misses you.
HP[-2]
You take 2 damage, and now have 21/27 hp.
You shoot a sling bullet. The sling bullet hits the worm!
You feel sick. The adder barely misses you. The adder closely misses you.
The worm bites you!
* * * LOW HITPOINT WARNING * * *
HP[-11]
You take 11 damage, and now have 10/27 hp.
MASSIVE DAMAGE!! (PAUSE)
You are too injured to fight recklessly!
You are too injured to fight recklessly!
The adder attacks as you move away! The adder closely misses you.
You feel sick. The adder bites you.
* * * LOW HITPOINT WARNING * * *
You are lethally poisoned!
The adder poisons you!
HP[-5]
You take 5 damage, and now have 5/27 hp.
Casting: Sting (safe; 4% risk of failure)
Confirm with . or Enter, or press ? or * to list all spells.
Aiming: Sting (safe; 4% risk of failure)
Press: ? - help, Shift-Dir - straight line, f/p - worm
Aim: a worm (severely wounded, 90% to hit)
The sting hits the adder.
The adder is poisoned.
* * * LOW HITPOINT WARNING * * *
You feel sick. The adder bites you.
* * * LOW HITPOINT WARNING * * *
HP[-2] MP[-1]
You take 2 damage, and now have 3/27 hp.
You lost 1 mp, and now have 6/7 mp.
It was a potion of might.
You feel very mighty all of a sudden.
* * * LOW HITPOINT WARNING * * *
You feel sick. The adder misses you.
HP[-2]
You take 2 damage, and now have 1/27 hp.
It was a potion of brilliance.
You feel clever all of a sudden.
You die...

Skill      XL: |  1  2  3 |
---------------+----------+-----
Stealth        | 3 4 |  4.8
Poison Magic   | 4 |  4.9
Dodging        | |  2.0
Spellcasting   | |  2.0
Transmutations | |  1.0

Action                   |  1- 3 |  4- 6 || total
-------------------------+-------+-------++-------
 Fire: Sling             |    97 |    26 ||   123
 Cast: Sting             |     9 |     1 ||    10
  Use: Potion            |       |     2 ||     2
Armor: Skin              |     5 |     1 ||     6
Dodge: Dodged            |    20 |    11 ||    31

Levels and vault maps discovered:
D:1:      elethiomel_arrival_maze, layout_loops_ring
D:2:      layout_basic, minmay_tromino_i4
D:3:      layout_rooms, mainiacjoe_overflow_alcove_1,
          hellmonk_ecumenical_altar_watching_god, hex_medium,
          uniq_crazy_yiuf_cottage

Notes
Turn   | Place    | Note
-------+----------+-------------------------------------------
     0 | D:1      | zeratav the Octopode Venom Mage began the quest for the
                  | Orb.
     0 | D:1      | Reached XP level 1. HP: 11/11 MP: 3/3
     0 | D:1      | magus.rc [v1.9.6]
   150 | D:1      | You pick up a book of Sloth and begin reading...
   150 | D:1      | You add the spells Petrify, Metabolic Englaciation and
                  | Statue Form to your library.
   241 | D:1      | Reached skill level 3 in Stealth
   288 | D:1      | Reached XP level 2. HP: 17/17 MP: 5/5
   294 | D:1      | Reached skill level 4 in Poison Magic
   556 | D:1      | You add the spells Ozocubu's Armour and Ozocubu's
                  | Refrigeration to your library.
   559 | D:1      | You pick up a book of the Dragon and begin reading...
   559 | D:1      | You add the spells Cause Fear, Dragon Form and Dragon's
                  | Call to your library.
   828 | D:2      | Learned a level 2 spell: Poisonous Vapours
  1098 | D:2      | Reached XP level 3. HP: 15/21 MP: 6/6
  1191 | D:2      | Reached skill level 4 in Stealth
  2179 | D:3      | Reached XP level 4. HP: 7/27 MP: 1/7
  2442 | D:3      | Found a stormy altar of Qazlal.
  2484 | D:3      | Noticed a golden eye
  2488 | D:3      | Found a faded altar of an unknown god.
  2490 | D:3      | Noticed a shining eye
  2490 | D:3      | Noticed a golden eye
  2490 | D:3      | Noticed a golden eye
  2508 | D:3      | You pick up a book of Dreams and begin reading...
  2508 | D:3      | You add the spells Ensorcelled Hibernation, Spider Form and
                  | Anguish to your library.
  2512 | D:3      | You pick up a book of Scorching and begin reading...
  2512 | D:3      | You add the spells Scorch, Flame Wave and Summon Cactus
                  | Giant to your library.
  2667 | D:3      | HP: 5/27 [adder (4)]
  2669 | D:3      | HP: 1/27 [poisoned by an adder]
  2670 | D:3      | Succumbed to an adder's poison

Vanquished Creatures
  2 worms (D:2)
  2 dart slugs
  4 orcs (D:3)
  4 bats
  7 endoplasms
  2 giant cockroaches (D:3)
  9 goblins
  2 hobgoblins (D:2)
  3 jackals (D:2)
  4 quokkas
  3 ball pythons
  A frilled lizard (D:2)
  A kobold (D:2)
  8 rats
52 creatures vanquished.

Table legend:
 A = Non-vault XP
 B = Vault XP
 C = Vault XP percentage of total XP
 D = Non-vault monster count
 E = Vault monster count
 F = Vault count percentage of total count
                 A         B        C        D         E       F
            +---------+---------+-------+---------+---------+-------
      Total |      97 |       5 |   4.9 |      49 |       3 |   5.8
            +---------+---------+-------+---------+---------+-------
        D:1 |      24 |       0 |   0.0 |      15 |       0 |   0.0
        D:2 |      43 |       5 |  10.4 |      21 |       3 |  12.5
        D:3 |      30 |       0 |   0.0 |      13 |       0 |   0.0
            +---------+---------+-------+---------+---------+-------

Illustrated notes

Table legend:
 A = Kills in this place as a percentage of kills in entire the game.
 B = Kills by you in this place as a percentage of kills by you in the entire game.
 C = Kills by friends in this place as a percentage of kills by friends in the entire game.
 D = Other kills in this place as a percentage of other kills in the entire game.
 E = Experience gained in this place as a percentage of experience gained in the entire game.
 F = Experience gained in this place divided by the number of levels of this place that you have seen.
                   A       B       C       D       E      F
               +-------+-------+-------+-------+-------+----------------------
         Total | 100.0 | 100.0 |   N/A |   N/A | 100.0 |  34.0
       Dungeon | 100.0 | 100.0 |   N/A |   N/A | 100.0 |  34.0
               +-------+-------+-------+-------+-------+----------------------

Table legend: (Time is in decaauts)
 A = Elapsed time spent in this place.
 B = Non-inter-level travel time spent in this place.
 C = Inter-level travel time spent in this place.
 D = Time resting spent in this place.
 E = Time spent auto-exploring this place.
 F = Levels seen in this place.
 G = Mean time per level.
                   A        B        C        D        E       F      G
               +--------+--------+--------+--------+--------+-----+--------+
         Total |   2717 |   2600 |    117 |      0 |   2330 |   3 |  905.7 |
       Dungeon |   2717 |   2600 |    117 |      0 |   2330 |   3 |  905.7 |
               +--------+--------+--------+--------+--------+-----+--------+

Top non-repeatable levels by time:
     D:2: 1369 daAuts
     D:1: 829 daAuts
     D:3: 518 daAuts
